 Dungeon Crawl Stone Soup version 0.31.0-4-g52a2dc7128 (webtiles) character file.

Game seed: 18275680305926072446

10273 PaiMei the Merchant of Misery (level 11, -17/89 HPs)
             Began as a Demonspawn Necromancer on Jan 22, 2024.
             Was a Believer of Kikubaaqudgha.
             Demolished by a catoblepas (25 damage)
             ... on level 1 of the Lair of Beasts.
             The game lasted 00:27:29 (20408 turns).

PaiMei the Merchant of Misery (DsNe)               Turns: 20408, Time: 00:27:30

Health: -17/89     AC: 11    Str: 10    XL:     11   Next: 34%
Magic:  2/23       EV: 15    Int: 19    God:    Kikubaaqudgha [**....]
Gold:   309        SH:  0    Dex: 15    Spells: 14/27 levels left

rFire   . . .        d - +1 dagger (elec)
rCold   . . .        (no shield)
rNeg    . . .        E - +3 leather armour
rPois   .            o - +0 helmet
rElec   .            e - +0 cloak
rCorr   .            i - +1 pair of gloves
SInv    .            q - +0 pair of boots
Will    .....        N - amulet of the acrobat
Stlth   +++          (no ring)
HPRegen 0.34/turn    (no ring)
MPRegen 0.18/turn

%: acrobat
@: no status effects
A: thin skeletal structure 1, powered by death 1, demonic magic 1, weakness
stinger 2
a: Renounce Religion, Unearth Wretches


You were on level 1 of the Lair of Beasts.
You worshipped Kikubaaqudgha.
Kikubaaqudgha was pleased with you.
You visited 3 branches of the dungeon, and saw 13 of its levels.

You collected 478 gold pieces.
You spent 169 gold pieces at shops.

Inventory:

Hand Weapons
 d - a +1 dagger of electrocution (weapon)
 U - a +4 hand axe of freezing
Missiles
 k - 4 throwing nets
 n - 12 poisoned darts (quivered)
Armour
 e - a +0 cloak (worn)
 i - a +1 pair of gloves (worn)
 o - a +0 helmet (worn)
 q - a +0 pair of boots (worn)
 E - a +3 leather armour (worn)
 Q - a +0 buckler
 R - a +0 troll leather armour
Jewellery
 N - an amulet of the acrobat (around neck)
Wands
 s - a wand of polymorph (12)
 G - a wand of digging (6)
 O - a wand of paralysis (2)
Scrolls
 c - 5 scrolls of teleportation
 h - 6 scrolls of poison
 j - 2 scrolls of immolation
 l - a scroll of brand weapon {unknown}
 r - 5 scrolls of revelation
 u - 3 scrolls of fog
 v - a scroll of amnesia {unknown}
 x - 3 scrolls of enchant weapon
 y - 2 scrolls of silence
 C - 2 scrolls of blinking
 J - 2 scrolls of fear {unknown}
 K - 2 scrolls of noise {unknown}
 M - a scroll of torment {unknown}
 P - a scroll of vulnerability {unknown}
Potions
 b - a potion of magic
 f - a potion of ambrosia {unknown}
 g - a potion of lignification {unknown}
 m - 5 potions of curing
 t - 3 potions of berserk rage
 w - a potion of mutation {unknown}
 z - a potion of degeneration {unknown}
 A - 6 potions of attraction
 B - 2 potions of brilliance {unknown}
 D - a potion of might {unknown}
 F - 2 potions of resistance {unknown}
 L - a potion of heal wounds {unknown}
 T - a potion of cancellation {unknown}


   Skills:
 + Level 9.0 Fighting
 + Level 8.5 Dodging
 - Level 2.0 Stealth
 + Level 8.5 Spellcasting
 + Level 10.8 Necromancy


You had 14 spell levels left.
You knew the following spells:

 Your Spells              Type           Power      Damage    Failure   Level
a - Necrotise             Necr           100%       1d9       1%          1
b - Vampiric Draining     Necr           49%        2d9       1%          3
c - Animate Dead          Necr           49%        N/A       1%          4
d - Curse of Agony        Necr           49%        N/A       3%          5

Your spell library contained the following spells:

 Spells                   Type           Power      Damage    Failure   Level
 Kiss of Death            Conj/Necr      100%       2d13      1%          1
 Sublimation of Blood     Necr           49%        N/A       1%          2
 Magic Dart               Conj           32%        1d4       12%         1
 Sandblast                Erth           16%        2d6       12%         1
 Scorch                   Fire           16%        2d5       19%         2
 Searing Ray              Conj           16%        2d5       19%         2
 Hailstorm                Conj/Ice       8%         3d5       34%         3
 Inner Flame              Hex/Fire       8%         N/A       34%         3
 Passwall                 Erth           8%         N/A       34%         3
 Stone Arrow              Conj/Erth      16%        3d8       34%         3
 Summon Ice Beast         Ice/Summ       8%         N/A       34%         3
 Brom's Barrelling Bould  Conj/Erth      8%         2d3       75%         4
 Flame Wave               Conj/Fire      8%         2d5       75%         4
 Fulminant Prism          Conj/Alch      4%         3d5       75%         4
 Irradiate                Conj/Alch      4%         3d13      97%         5
 Sculpt Simulacrum        Ice/Alch       4%         N/A       100%        6
 Summon Cactus Giant      Summ           4%         N/A       100%        6
 Ignition                 Fire           4%         3d4       100%        8


Dungeon Overview and Level Annotations

Branches:
Dungeon (11/15)            Temple (1/1) D:5            Lair (1/5) D:10
    Orc (0/2) D:9

Altars:
Ashenzari
Cheibriados
Dithmenos
Fedhas
Gozag
Hepliaklqana
Kikubaaqudgha
Makhleb
Nemelex Xobeh
Okawaru
Qazlal
Ru
Sif Muna
Trog
Uskayaw
Vehumet
Wu Jian
Xom
Yredelemnul
Jiyva

Shops:
D:6 !   D:10 *

Annotations:
D:3 1 runed translucent door, Laqueoixx's ghost, amateur OpSh
D:8 3 runed translucent doors, MollyMolluskus's ghost, novice OpFi
D:9 3 runed translucent doors, Jingleheimer's ghost, novice DrSh


Innate Abilities, Weirdness & Mutations

You have a somewhat thin skeletal structure. (Dex +2, Stealth+)
You regenerate a little health from kills.
Spells you cast may paralyse adjacent enemies.
You have a tail ending in a sharp stinger.


Message History

The blast of calcifying dust hits you. The catoblepas misses you.
Casting: Vampiric Draining (safe; 1% risk of failure)
Confirm with . or Enter, or press ? or * to list all spells.
You don't have enough magic to cast this spell.
You hit the catoblepas but do no damage.
The catoblepas is almost dead.
The catoblepas gores you!!
* * * LOW HITPOINT WARNING * * *
You hit the catoblepas but do no damage.
The catoblepas is almost dead.
The catoblepas completely misses you.
You barely miss the catoblepas. You tail-slap the catoblepas.
The catoblepas is almost dead.
The catoblepas misses you.
Casting: Vampiric Draining (safe; 1% risk of failure)
Confirm with . or Enter, or press ? or * to list all spells.
Aiming: Necrotise (safe; 1% risk of failure)
Press: ? - help, Shift-Dir - straight line, f/p - catoblepas
Aim: a catoblepas (almost dead, chance to affect: 20%)
The catoblepas resists with almost no effort.
Malevolent energies surge around you.
The catoblepas breathes a plume of calcifying dust at you.
The blast of calcifying dust hits you but does no damage.
The catoblepas attacks as it pursues you!
The catoblepas completely misses you.
You hit the catoblepas but do no damage.
The catoblepas is almost dead.
The catoblepas breathes a plume of calcifying dust at you.
The blast of calcifying dust hits you but does no damage.
You hit the catoblepas but do no damage.
The catoblepas is severely wounded.
The catoblepas gores you!!
* * * LOW HITPOINT WARNING * * *
You completely miss the catoblepas.
You tail-slap the catoblepas, but do no damage.
The catoblepas is severely wounded.
The catoblepas gores you!!
You die...
Kikubaaqudgha rasps: "You have failed me!
Welcome... death!"

#.#...##........? .
...............# ...
................ .!#.
#...##.#.....
.^.######.......§§§..
##.....#.............
.#.#.........#?...#..
.......#............#
...#....#@.....##.###
........Y...........
...##P...§##..#....#..
. #.......§##.##.### .
#...#####.###.....#
.... ### #....## ...
#.#.## .. .#


You could see a catoblepas.

Vanquished Creatures
  2 two-headed ogres
  A manticore (D:10)
  An elephant (D:10)
  A cane toad (Lair:1)
  A komodo dragon (D:10)
  A rime drake (Lair:1)
  Psyche (D:10)
  A polar bear (D:10)
  2 trolls
  A hornet (D:8)
  Prince Ribbit (D:5)
  3 wyverns
  A steam dragon (D:9)
  A wraith (D:9)
  4 yaks (D:9)
  2 basilisks (D:10)
  3 vampire mosquitoes (D:11)
  An acid dragon (D:11)
  An ice beast (D:6)
  3 orc warriors
  3 black bears
  2 sky beasts
  3 ogres
  5 centaurs
  A phantom (D:6)
  A gnoll sergeant (D:7)
  2 scorpions
  10 wights
  9 killer bees
  6 howler monkeys
  A crimson imp (D:8)
  2 jellies
  8 orc priests
  A hound (D:6)
  5 sleepcaps
  3 gnoll boudas
  2 iguanas
  Natasha (thrice) (D:4)
  13 orc wizards
  23 gnolls
  5 adders
  3 white imps
  4 ufetubi (D:6)
  2 dart slugs
  41 orcs
  7 ball pythons
  6 bats
  11 endoplasms
  4 giant cockroaches
  5 goblins
  3 hobgoblins
  3 jackals (D:2)
  13 kobolds
  4 quokkas
  3 frilled lizards
  6 rats
255 creatures vanquished.

Vanquished Creatures (collateral kills)
  An orc wizard (D:6)
  2 orcs
  A giant cockroach (D:4)
4 creatures vanquished.

Vanquished Creatures (others)
  A black bear zombie (D:10)
1 creature vanquished.

Grand Total: 260 creatures vanquished

Notes
Turn   | Place    | Note
-------+----------+-------------------------------------------
     0 | D:1      | PaiMei the Demonspawn Necromancer began the quest for the
                  | Orb.
     0 | D:1      | Reached XP level 1. HP: 13/13 MP: 3/3
   373 | D:1      | Gained mutation: Spells you cast may paralyse adjacent
                  | enemies. [demonic ancestry]
   373 | D:1      | Reached XP level 2. HP: 19/19 MP: 0/5
  1186 | D:2      | Gained mutation: You have a small tail. [demonic ancestry]
  1186 | D:2      | Reached XP level 3. HP: 25/25 MP: 4/6
  1190 | D:2      | Learned a level 3 spell: Vampiric Draining
  1497 | D:2      | Reached skill level 1 in Fighting
  2199 | D:2      | Gained mutation: You regenerate a little health from kills.
                  | [demonic ancestry]
  2199 | D:2      | Reached XP level 4. HP: 27/32 MP: 1/8
  2551 | D:2      | Reached skill level 5 in Necromancy
  2878 | D:3      | Found a blossoming altar of Fedhas.
  3259 | D:3      | Found a runed translucent door.
  3268 | D:3      | Noticed Laqueoixx's ghost (amateur OpSh)
  3495 | D:3      | Found a snail-covered altar of Cheibriados.
  3994 | D:4      | Noticed an ogre
  4099 | D:4      | Reached XP level 5. HP: 38/38 MP: 4/9
  4399 | D:4      | Reached XP level 6. HP: 46/46 MP: 4/11
  4635 | D:4      | Found a shimmering altar of Xom.
  4887 | D:4      | Found a sacrificial altar of Ru.
  4979 | D:4      | Noticed Natasha
  5007 | D:4      | Killed Natasha
  5109 | D:4      | Noticed Natasha
  5116 | D:4      | Killed Natasha
  5345 | D:4      | Reached skill level 6 in Necromancy
  5345 | D:4      | Reached XP level 7. HP: 52/52 MP: 3/12
  5537 | D:4      | Noticed Natasha
  5543 | D:4      | Killed Natasha
  5607 | D:5      | Entered Level 5 of the Dungeon
  5614 | D:5      | Found a radiant altar of Vehumet.
  5924 | D:5      | Noticed Prince Ribbit
  6320 | D:5      | Killed Prince Ribbit
  6974 | D:5      | Found a broken altar of Ashenzari.
  7060 | D:5      | Reached XP level 8. HP: 61/61 MP: 3/14
  7567 | D:5      | Found a staircase to the Ecumenical Temple.
  7714 | Temple   | Entered the Ecumenical Temple
  7722 | Temple   | Became a worshipper of Kikubaaqudgha
  7802 | D:6      | Found a shadowy altar of Dithmenos.
  8355 | D:6      | Reached skill level 7 in Necromancy
  8579 | D:6      | Reached skill level 5 in Spellcasting
  8653 | D:6      | Reached skill level 5 in Dodging
  8654 | D:6      | Reached skill level 5 in Fighting
  8984 | D:6      | Found Pufese's Distillery.
  8987 | D:6      | Bought a potion of curing for 39 gold pieces
  8987 | D:6      | Bought a potion of haste for 130 gold pieces
  9565 | D:6      | Reached * piety under Kikubaaqudgha
  9565 | D:6      | Received a gift from Kikubaaqudgha
  9657 | D:6      | Reached XP level 9. HP: 68/68 MP: 10/17
  9745 | D:6      | You fall into a shaft and drop 3 floors!
  9777 | D:9      | Found a basalt altar of Yredelemnul.
  9777 | D:9      | Found a stormy altar of Qazlal.
  9781 | D:9      | Found a hide-covered altar of Uskayaw.
  9879 | D:9      | Noticed a two-headed ogre
  9888 | D:9      | Found an ornate altar of the Wu Jian Council.
 10337 | D:7      | Learned a level 4 spell: Animate Dead
 10488 | D:7      | Reached skill level 8 in Necromancy
 11126 | D:7      | Found a sparkling altar of Nemelex Xobeh.
 13906 | D:8      | Reached ** piety under Kikubaaqudgha
 13907 | D:8      | Reached skill level 9 in Necromancy
 14373 | D:8      | Found a burning altar of Makhleb.
 14399 | D:8      | Found a runed translucent gate.
 14399 | D:8      | Found a runed translucent gate.
 14399 | D:8      | Found a runed translucent gate.
 14402 | D:8      | Noticed MollyMolluskus's ghost (novice OpFi)
 14574 | D:8      | Found a viscous altar of Jiyva.
 14581 | D:8      | Learned a level 5 spell: Curse of Agony
 14854 | D:9      | Noticed a troll
 14861 | D:9      | Killed a troll
 14862 | D:9      | Gained mutation: You have a somewhat thin skeletal
                  | structure. (Dex +2, Stealth+) [demonic ancestry]
 14862 | D:9      | Reached XP level 10. HP: 42/79 MP: 8/20
 14984 | D:9      | Found a runed translucent gate.
 14989 | D:9      | Found a runed translucent gate.
 14989 | D:9      | Found a runed translucent gate.
 14989 | D:9      | Noticed Jingleheimer's ghost (novice DrSh)
 15654 | D:9      | Found a staircase to the Orcish Mines.
 15706 | D:9      | Killed a two-headed ogre
 16489 | D:10     | Entered Level 10 of the Dungeon
 16862 | D:10     | Noticed a manticore
 16870 | D:10     | Killed a manticore
 16877 | D:10     | Noticed an elephant
 16878 | D:10     | Reached skill level 10 in Necromancy
 17215 | D:10     | Noticed a two-headed ogre
 17225 | D:10     | Killed a two-headed ogre
 17393 | D:10     | Found a staircase to the Lair.
 17404 | D:10     | Killed an elephant
 17683 | D:10     | Gained mutation: You have a tail ending in a sharp stinger.
                  | [demonic ancestry]
 17683 | D:10     | Reached XP level 11. HP: 70/87 MP: 11/23
 17814 | D:10     | Noticed Psyche
 17824 | D:10     | Killed Psyche
 18141 | D:10     | Found Suchiumu's Mayhem Merchandise.
 19433 | Lair:1   | Entered Level 1 of the Lair of Beasts
 20047 | Lair:1   | Noticed a catoblepas
 20408 | Lair:1   | Demolished by a catoblepas

Illustrated notes

Levels and vault maps discovered:
D:1:      grunt_arrival_lava_bath, layout_basic, serial_glass, glass_columns_c,
          glass_columns_a, glass_columns_a, glass_columns_b, glass_columns_a,
          glass_columns_a, minmay_strange_pillars, feat_on_display,
          due_unseen_surprise, item_on_display_a
D:2:      layout_loops_corners, kennysheep_generic_room_9
D:3:      layout_basic, mainiacjoe_overflow_surrounded_room,
          cheibrodos_worm_habitat, ebering_ghost_reflecting_pool
D:4:      layout_basic, marbit_many_paths, mainiacjoe_overflow_tiny_flanked,
          mainiacjoe_overflow_big_doors, grunt_decor_one_mirror, uniq_natasha
D:5:      layout_cave_pools, kennysheep_mini, old_standard_altar,
          minmay_temple_entry_statues_pillars, uniq_prince_ribbit1
D:6:      layout_loops_ring, grunt_dithmenos_smoke, serial_shops,
          nicolae_shop_pleasant_corner_grove
D:7:      layout_loops_corners, mainiacjoe_overflow_alcove_4,
          david_defended_altar_orc
D:8:      layout_loops_corners, makhleb_grotto_becter, gammafunk_ghost_ooze,
          minmay_unpleasant_kobolds
D:9:      layout_basic, nicolae_overflow_macrodata_refinement, orc_0_dummy,
          gammafunk_ghost_split
D:10:     layout_loops_ring, david_lair_generic, minmay_shop_mayhem, uniq_psyche
D:11:     layout_basic
Temple:   nicolae_temple_bog_church
Lair:1:   layout_misc_corridors

Skill      XL: |  1  2  3  4  5  6  7  8  9 10 11 |
---------------+----------------------------------+-----
Stealth        | 2 |  2.0
Dodging        | 2 3 4 5 6 8 |  8.5
Fighting       | 1 2 3 4 5 7 8 9 |  9.0
Necromancy     | 5 6 7 9 10 | 10.8
Spellcasting   | 3 4 5 6 8 |  8.5

Action                     |  1- 3 |  4- 6 |  7- 9 | 10-12 || total
---------------------------+-------+-------+-------+-------++-------
  Melee: Dagger            |    14 |    33 |   219 |   156 ||   422
         Punch             |       |     1 |     2 |     1 ||     4
         Tailslap          |       |     2 |    25 |    31 ||    58
         Falchion          |       |       |     8 |       ||     8
   Cast: Necrotise         |    67 |   133 |   196 |    69 ||   465
         Vampiric Draining |       |     1 |    74 |    56 ||   131
         Curse of Agony    |       |       |       |    10 ||    10
         Animate Dead      |       |       |       |     4 ||     4
    Use: Potion            |       |       |     1 |       ||     1
         Scroll            |       |       |       |    10 ||    10
   Stab: Paralysed         |     1 |     5 |    10 |    44 ||    60
         Sleeping          |       |       |       |     1 ||     1
 Armour: Robe              |    13 |    33 |    30 |       ||    76
         Leather armour    |       |       |   216 |   122 ||   338
  Dodge: Dodged            |    13 |    35 |   261 |   144 ||   453
